Map: [ESL] Gresvan

Players

Clem

  • Race: Terran Terran

Oliveira - Winner!

  • Race: Terran Terran

Event: IEM Katowice 2023

VOD

Have the link to the VOD?

Description

Time

  • Played on: Feb. 9, 2023, 5:25 a.m.
  • Length: 23:52

All games in this series

Show
View Real Time Build Order
Export as new Build Order

Clem Terran 

Build Orders:  

Get SALT Encoding   

  12  0:00  SCV  
  13  0:12  SCV  
  14  0:16  Supply Depot  
  14  0:24  SCV  
  15  0:38  SCV  
  15  0:39  Barracks  
  16  0:42  Refinery  
  16  0:50  SCV  
  16  0:52  Refinery  
  17  1:02  SCV  
  18  1:14  SCV  
  19  1:26  Reaper  
  19  1:27  Orbital Command  
  19  1:31  Supply Depot  
  20  1:41  Factory  
  20  1:52  SCV  
  21  1:58  Reaper  
  22  2:04  SCV  
  23  2:14  Command Center  
  23  2:18  SCV  
  24  2:25  Hellion  
  26  2:30  SCV, Reaper  
  28  2:41  Supply Depot, Starport  
  28  2:43  SCV  
  29  2:48  Widow Mine  
  31  3:03  SCV, Barracks Reactor  
  32  3:09  Factory Tech Lab  
  32  3:15  SCV  
  32  3:17  Starport Tech Lab  
  33  3:25  Orbital Command, Refinery  
  33  3:27  SCV  
  33  3:34  Cyclone  
  37  3:39  Marine, SCV  
  37  3:40  Marine  
  40  3:45  Supply Depot  
  40  3:51  SCV x2  
  40  3:54  Raven  
  44  3:57  Marine x2  
  46  4:03  SCV x2  
  46  4:09  Siege Tank  
  51  4:15  SCV  
  51  4:16  SCV  
  53  4:19  Command Center  
  53  4:27  SCV  
  53  4:28  SCV, Supply Depot  
  53  4:30  Raven  
  57  4:34  Marine x2  
  59  4:39  SCV  
  59  4:40  SCV  
  61  4:47  Supply Depot  
  61  4:50  Siege Tank  
  61  4:51  SCV  
  61  4:52  Marine x2  
  67  4:53  SCV  
  68  5:03  SCV  
  68  5:06  Barracks  
  69  5:07  SCV  
  69  5:10  Barracks  
  69  5:12  Supply Depot  
  71  5:22  Marine, Stimpack  
  71  5:23  Siege Tank  
  71  5:24  SCV x2  
  71  5:28  Refinery, Starport Reactor  
  73  5:30  Orbital Command  
  73  5:36  SCV x2  
  73  5:40  Marine  
  76  5:45  Engineering Bay  
  76  5:46  Engineering Bay  
  76  5:48  SCV x2  
  78  5:52  Orbital Command  
  78  5:55  Siege Tank  
  81  6:00  SCV x2  
  81  6:02  Marine  
  81  6:03  Supply Depot  
  84  6:10  Marine x2  
  86  6:12  SCV x2  
  86  6:14  Terran Infantry Armor Level 1, Terran Infantry Weapons Level 1  
  86  6:15  Marine x2  
  86  6:16  Supply Depot, Starport Reactor  
  90  6:18  SCV  
  90  6:19  Marine  
  90  6:24  SCV x2  
  94  6:28  Marine x2  
  94  6:30  SCV  
  94  6:31  Siege Tank  
  97  6:36  SCV x2  
  97  6:39  Marine x3  
  101  6:40  Supply Depot  
  101  6:42  SCV  
  101  6:46  Marine x2  
  105  6:48  SCV x2  
  105  6:50  Refinery  
  105  6:51  Refinery  
  104  6:54  Sensor Tower  
  104  6:55  SCV  
  104  6:57  Marine x3  
  104  7:00  Medivac, SCV x2  
  104  7:01  Medivac  
  114  7:02  Combat Shield  
  114  7:03  Marine  
  114  7:05  Supply Depot  
  114  7:07  SCV  
  114  7:08  Siege Tank  
  119  7:12  SCV  
  119  7:13  SCV  
  119  7:14  Marine  
  119  7:15  Marine  
  123  7:16  Marine x2  
  123  7:22  Barracks x2, Supply Depot  
  125  7:27  Marine, SCV x3  
  129  7:30  Supply Depot  
  129  7:31  Armory  
  129  7:32  Marine  
  129  7:35  Marine x2  
  132  7:39  SCV  
  132  7:43  Command Center  
  133  7:44  SCV  
  133  7:45  Siege Tank  
  133  7:47  Marine  
  133  7:48  Medivac  
  140  7:51  Medivac  
  140  7:52  Marine  
  140  7:53  Marine  
  140  7:56  Marine  
  140  7:58  Marine, Supply Depot  
  144  8:01  Missile Turret  
  144  8:05  Marine  
  146  8:09  Marine  
  146  8:10  Factory, Barracks Reactor x2  
  146  8:11  Marine  
  148  8:13  Supply Depot  
  148  8:15  Marine  
  148  8:19  Marine, Supply Depot  
  155  8:20  Siege Tank, SCV  
  155  8:22  Medivac  
  155  8:26  Terran Infantry Weapons Level 2  
  157  8:30  Medivac, Supply Depot  
  157  8:31  Terran Infantry Armor Level 2  
  157  8:34  Marine x2  
  157  8:35  Marine x2  
  157  8:38  Terran Vehicle Weapons Level 1  
  157  8:39  SCV  
  162  8:42  SCV x2  
  163  8:49  Marine x4  
  163  8:50  Supply Depot  
  163  8:52  Marine x2, SCV  
  169  8:55  Siege Tank  
  169  8:56  SCV  
  169  8:58  Barracks Reactor  
  173  9:03  Siege Tank  
  173  9:04  SCV  
  173  9:05  Marine  
  173  9:06  Marine  
  173  9:07  Marine x4  
  173  9:09  Medivac x2  
  187  9:13  Marine  
  187  9:15  Marine  
  189  9:23  Marine, Planetary Fortress, Barracks  
  189  9:24  Sensor Tower, Barracks  
  189  9:25  Barracks, SCV  
  189  9:28  SCV x2  
  189  9:30  Siege Tank  
  192  9:38  Medivac  
  192  9:42  Marine x2  
  192  9:43  Marine x2  
  192  9:45  Medivac  
  199  9:53  Command Center, Refinery  
  199  9:54  Refinery  
  199  9:57  Command Center  
  199  10:12  Barracks Reactor x3  
  199  10:19  Siege Tank x2, Marine x10  
  179  10:22  Medivac  
  135  10:37  Marine x10  
  140  10:46  Medivac  
  140  10:48  SCV x3  
  140  10:49  SCV, Terran Infantry Weapons Level 3  
  135  10:51  Siege Tank x2  
  135  10:53  Marine, Medivac  
  135  10:54  Marine x2  
  135  10:55  Marine x10  
  156  11:01  Terran Vehicle Weapons Level 2  
  156  11:05  Marine x3  
  156  11:11  Marine x2, Terran Infantry Armor Level 3  
  159  11:12  Marine  
  159  11:13  Marine x2  
  159  11:14  Marine  
  159  11:17  Marine  
  159  11:18  Marine x2  
  168  11:22  Orbital Command  
  168  11:24  Marine x3  
  171  11:27  Medivac  
  171  11:29  Marine x2  
  171  11:30  Marine x2  
  171  11:32  Marine  
  175  11:33  Marine  
  175  11:34  Marine  
  175  11:35  Marine x2  
  175  11:36  Marine  
  175  11:37  Marine  
  181  11:40  Medivac  
  181  11:44  Marine, Siege Tank  
  181  11:45  Marine x2  
  181  11:46  Marine x2  
  176  11:48  Marine  
  176  11:49  Marine x2  
  176  11:52  Marine  
  176  11:53  Marine x2  
  176  11:54  Marine x2  
  182  11:56  Planetary Fortress  
  182  11:57  Marine  
  185  12:01  Marine  
  185  12:02  Marine x2  
  190  12:08  Marine  
  190  12:09  Sensor Tower  
  190  12:13  Medivac x2  
  190  12:14  Siege Tank  
  198  12:17  Marine x2  
  198  12:20  Marine x2, Command Center  
  200  12:36  Marine  
  193  12:37  Marine x5  
  193  12:39  Siege Tank  
  193  12:40  Marine  
  193  12:41  Marine  
  200  13:10  Command Center x2  
  193  13:28  Marine x7  
  193  13:29  Marine x6  
  193  13:31  Siege Tank  
  193  13:32  Marine  
  193  13:33  Marine x2  
  198  13:37  Siege Tank  
  194  13:42  Medivac x2  
  194  13:46  Marine x13  
  196  13:50  Marine x2  
  196  13:51  Marine  
  196  13:54  Command Center  
  160  14:03  Siege Tank  
  160  14:04  Marine x13  
  160  14:08  Marine x2  
  160  14:09  Marine  
  176  14:12  Medivac x2  
  150  14:22  Marine x5  
  154  14:24  Marine  
  154  14:29  Marine  
  154  14:30  Marine x4  
  154  14:34  Orbital Command  
  153  14:39  Siege Tank  
  153  14:42  Medivac x2  
  143  14:47  Orbital Command  
  143  14:48  Marine  
  143  14:49  Marine x2  
  146  15:03  Orbital Command  
  146  15:08  Orbital Command  
  146  15:09  Marine x2  
  146  15:11  Siege Tank, Marine x2  
  146  15:12  Medivac x2  
  146  15:13  Marine  
  159  15:18  Marine x2  
  159  15:21  Marine x2  
  164  15:22  Marine x3  
  164  15:27  Marine x2  
  167  15:29  Marine x2  
  167  15:32  Marine  
  170  15:38  Factory  
  170  15:39  Orbital Command  
  170  15:42  Marine x3, Medivac x2  
  174  15:43  Marine x4  
  174  15:45  Marine  
  174  15:47  Siege Tank  
  185  15:54  Marine x4  
  188  16:00  Marine  
  180  16:05  Marine  
  180  16:07  Marine  
  180  16:08  Marine  
  180  16:09  Marine  
  180  16:10  Marine x2  
  179  16:12  Medivac x2  
  179  16:16  Marine x3  
  184  16:19  Siege Tank  
  184  16:20  Marine x2  
  184  16:23  Factory Tech Lab  
  184  16:25  Marine x3  
  192  16:26  Marine  
  192  16:27  Marine  
  192  16:28  Marine x2  
  192  16:34  Marine x3  
  192  16:37  Marine x2  
  181  16:42  Marine, Medivac x2  
  181  16:43  Marine x2  
  181  16:44  Marine, Planetary Fortress  
  181  16:45  Marine x2  
  181  16:46  Marine  
  191  16:48  Siege Tank  
  191  16:51  Siege Tank  
  191  16:52  Marine x3  
  200  16:57  Terran Vehicle Weapons Level 3  
  200  17:04  Command Center  
  197  17:36  Marine x2  
  192  17:37  Marine x4, Siege Tank  
  192  17:41  Barracks x2  
  192  17:42  Barracks  
  192  17:44  Factory, Barracks x2  
  196  17:49  Marine x3  
  193  17:57  Marine  
  193  17:58  Marine x2  
  187  18:00  Marine x2  
  191  18:06  Marine  
  191  18:07  Marine x2  
  191  18:09  Siege Tank  
  191  18:10  Starport x2  
  197  18:14  Marine  
  197  18:16  Marine x2  
  200  18:26  Marine x3  
  200  18:27  Marine x2  
  198  18:28  Marine  
  198  18:29  Marine x2  
  198  18:31  Marine  
  198  18:32  Marine  
  198  18:34  Marine x2  
  126  18:41  Siege Tank  
  126  18:44  Marine x4  
  126  18:45  Marine  
  126  18:46  Marine  
  126  18:47  Marine x2  
  133  18:49  Marine  
  133  18:50  Marine  
  133  18:51  Marine  
  133  18:52  Marine, Medivac  
  119  18:57  Medivac  
  119  18:58  Marine, Factory Tech Lab  
  119  19:01  Marine  
  119  19:02  Marine x4  
  124  19:04  Marine x2  
  124  19:05  Marine  
  124  19:07  Marine, Sensor Tower  
  124  19:08  Marine  
  124  19:09  Marine  
  132  19:10  Marine  
  132  19:13  Siege Tank, Barracks  
  132  19:15  Barracks x2  
  132  19:16  Marine, Siege Tank  
  140  19:19  Marine x3  
  140  19:20  Marine x2  
  140  19:22  Marine x2, Medivac  
  140  19:23  Marine  
  149  19:25  Marine  
  149  19:26  Marine  
  149  19:27  Marine x2, Medivac  
  152  19:33  Marine  
  152  19:37  Marine x3  
  152  19:38  Marine x2  
  143  19:39  Marine  
  143  19:40  Marine x2  
  143  19:42  Marine  
  143  19:43  Planetary Fortress  
  143  19:44  Marine  
  143  19:45  Marine x2, Siege Tank  
  141  19:48  Siege Tank  
  141  19:51  Marine  
  141  19:52  Medivac  
  151  19:55  Marine x3  
  151  19:56  Marine x2  
  151  19:57  Marine, Medivac  
  151  19:58  Marine x2  
  151  19:59  Marine  
  162  20:00  Marine  
  162  20:01  Marine  
  162  20:03  Marine x4, Refinery  
  162  20:04  Refinery  
  165  20:09  Marine  
  165  20:13  Marine x4  
  165  20:14  Marine  
  170  20:15  Marine  
  170  20:16  Marine x2  
  170  20:17  Marine, Siege Tank  
  170  20:18  Marine  
  170  20:19  Marine  
  170  20:21  Marine x2, Siege Tank, Refinery  
  183  20:22  Medivac  
  183  20:27  Marine, Medivac  
  186  20:30  Marine  
  186  20:31  Marine x4  
  186  20:33  Marine  
  186  20:34  Marine  
  186  20:35  Marine  
  195  20:36  Marine  
  195  20:37  Marine  
  195  20:38  Marine  
  195  20:39  Marine  
  197  20:45  Marine  
  197  20:48  Marine  
  197  20:49  Marine  
  200  20:56  Marine, Medivac  
  199  20:58  Marine  
  199  20:59  Marine x3  
  199  21:01  Siege Tank  
  197  21:04  Marine  
  197  21:06  Marine x2  
  197  21:10  Siege Tank, Marine  
  197  21:22  Medivac  
  197  21:24  Marine  
  196  21:36  Siege Tank  
  196  21:39  Marine  
  193  21:43  Siege Tank, Marine  
  193  21:44  Marine, Medivac  
  193  21:45  Marine x5  
  193  21:48  Marine x5  
  179  21:55  Medivac  
  179  21:57  Marine  
  179  22:01  Marine  
  168  22:02  Marine  
  168  22:03  Marine x4  
  168  22:06  Marine x5  
  168  22:08  Siege Tank  
  173  22:14  Medivac  
  173  22:15  Siege Tank, Marine  
  178  22:19  Marine  
  178  22:20  Marine  
  178  22:21  Marine x4  
  181  22:24  Marine x5  
  181  22:25  Medivac  
  183  22:33  Marine  
  183  22:36  Marine  
  179  22:38  Marine  
  179  22:39  Marine x4  
  179  22:40  Siege Tank  
  179  22:42  Marine x5  
  179  22:44  Medivac  
  185  22:47  Siege Tank  
  185  22:48  Command Center  
  185  22:51  Marine  
  172  22:54  Marine  
  172  22:55  Marine  
  172  22:56  Marine  
  172  22:57  Marine x3  
  176  22:59  Marine  
  176  23:00  Marine x4  
  176  23:01  Medivac  
  183  23:07  Barracks, Command Center  
  183  23:08  Marine, Barracks  
  183  23:09  Barracks  
  183  23:10  Refinery x2  
  183  23:12  Marine, Siege Tank  
  184  23:13  Marine, SCV  
  184  23:14  Marine x3, Medivac  
  184  23:15  Marine  
  184  23:17  Marine x3  
  184  23:19  Widow Mine  
  199  23:26  Marine  
  198  23:30  Marine  
  198  23:31  Marine  
Show
View Real Time Build Order
Export as new Build Order

Oliveira Terran - Winner!

Build Orders:  

Get SALT Encoding   

  12  0:00  SCV  
  13  0:12  SCV  
  14  0:17  Supply Depot  
  14  0:24  SCV  
  15  0:38  SCV  
  15  0:39  Barracks  
  16  0:44  Refinery  
  16  0:50  SCV  
  16  0:53  Refinery  
  17  1:02  SCV  
  18  1:15  SCV  
  19  1:27  Orbital Command, Reaper  
  19  1:29  Supply Depot  
  20  1:42  Factory  
  20  1:53  SCV  
  21  1:59  Reaper  
  22  2:05  SCV  
  23  2:15  Command Center  
  23  2:17  SCV  
  24  2:26  Hellion  
  24  2:29  SCV  
  27  2:31  Supply Depot  
  27  2:33  Reaper  
  28  2:41  SCV  
  29  2:46  Starport  
  29  2:47  Factory Tech Lab  
  29  2:53  SCV  
  30  3:05  SCV  
  30  3:07  Cyclone  
  34  3:13  Barracks Reactor  
  34  3:15  Refinery  
  34  3:18  SCV  
  35  3:23  Starport Tech Lab  
  35  3:27  Orbital Command  
  35  3:30  SCV  
  36  3:42  SCV  
  36  3:44  Raven  
  39  3:51  Command Center  
  39  3:52  SCV  
  39  3:54  SCV  
  41  4:01  Siege Tank  
  44  4:04  SCV  
  44  4:06  SCV  
  46  4:12  Supply Depot  
  46  4:13  Marine x2  
  46  4:17  SCV  
  49  4:18  SCV  
  49  4:20  Raven  
  52  4:29  SCV  
  52  4:31  SCV  
  54  4:33  Marine x2  
  54  4:34  Supply Depot  
  54  4:38  Siege Tank  
  59  4:41  SCV  
  59  4:43  SCV  
  61  4:51  Marine  
  62  4:55  Marine  
  62  4:56  SCV x2, Supply Depot  
  63  5:06  Orbital Command, Raven  
  64  5:08  SCV  
  64  5:09  SCV  
  64  5:12  Marine  
  64  5:13  Marine  
  68  5:17  Siege Tank  
  68  5:20  SCV  
  72  5:23  Supply Depot  
  72  5:29  SCV  
  72  5:30  Orbital Command  
  72  5:32  SCV  
  74  5:37  Barracks  
  74  5:38  Barracks  
  74  5:41  SCV  
  77  5:44  SCV  
  77  5:47  Starport Reactor  
  77  5:49  Refinery  
  74  5:50  Siege Tank  
  74  5:53  SCV  
  74  5:55  Marine, Stimpack  
  74  5:56  Engineering Bay, SCV  
  80  5:57  SCV  
  80  5:58  Engineering Bay  
  81  6:05  SCV  
  81  6:08  SCV  
  81  6:09  SCV  
  84  6:11  Supply Depot  
  84  6:15  Marine  
  84  6:17  SCV  
  86  6:20  SCV, Supply Depot  
  86  6:22  SCV  
  88  6:30  SCV  
  88  6:33  SCV  
  88  6:36  Terran Infantry Armor Level 1, Terran Infantry Weapons Level 1  
  88  6:37  SCV  
  88  6:38  Siege Tank  
  93  6:41  Barracks  
  93  6:42  Barracks, SCV, Starport Reactor  
  93  6:44  Marine x2  
  93  6:45  Marine, SCV  
  98  6:50  SCV  
  98  6:51  Marine  
  98  6:52  Supply Depot  
  98  6:54  SCV  
  101  6:56  Refinery x2  
  101  6:57  Marine, SCV  
  101  6:59  Sensor Tower  
  103  7:01  Marine  
  103  7:02  SCV  
  103  7:06  Marine x2, SCV  
  103  7:07  Supply Depot  
  108  7:09  SCV  
  108  7:10  Siege Tank  
  108  7:12  Marine  
  108  7:14  SCV  
  113  7:18  SCV  
  113  7:19  Marine, Supply Depot, Armory  
  113  7:21  Medivac x2  
  119  7:25  SCV  
  119  7:26  Marine, SCV  
  119  7:27  Missile Turret  
  119  7:29  Barracks Reactor  
  122  7:30  SCV, Barracks Reactor  
  123  7:37  Marine  
  123  7:38  Command Center  
  123  7:39  SCV x2  
  123  7:40  Marine  
  123  7:42  Marine x2, Missile Turret  
  129  7:44  Combat Shield  
  129  7:49  Siege Tank, Marine  
  133  7:53  Medivac  
  133  7:54  Medivac  
  133  7:55  Marine  
  133  7:56  SCV x2  
  140  8:00  Marine, Supply Depot x2  
  141  8:08  Factory  
  141  8:13  Supply Depot  
  141  8:15  Supply Depot  
  141  8:21  Marine x7, SCV  
  141  8:23  Marine, Terran Vehicle Weapons Level 1  
  141  8:25  Siege Tank  
  141  8:26  Viking, Missile Turret  
  156  8:35  Viking  
  156  8:36  Supply Depot  
  156  8:38  Supply Depot  
  156  8:39  Marine x3, Terran Infantry Weapons Level 2  
  156  8:40  Terran Infantry Armor Level 2  
  160  8:41  Marine x2  
  160  8:43  Marine x2  
  160  8:48  Marine  
  164  8:49  SCV x3  
  164  8:50  Marine  
  168  8:57  Marine  
  168  9:00  Factory Tech Lab  
  168  9:02  Sensor Tower  
  169  9:04  Siege Tank, Refinery x2  
  169  9:07  Missile Turret  
  169  9:08  Marine x2  
  173  9:11  Viking x2  
  173  9:16  Missile Turret  
  177  9:17  Planetary Fortress  
  177  9:19  Marine  
  177  9:21  Marine  
  177  9:23  Siege Tank  
  182  9:25  Marine x2  
  182  9:27  Marine x2  
  186  9:32  Supply Depot  
  186  9:37  Marine  
  186  9:38  Marine x2  
  188  9:40  Sensor Tower  
  188  9:42  Marine  
  188  9:43  Marine  
  188  9:45  Siege Tank  
  187  9:46  Viking x2  
  187  9:51  Marine  
  187  9:52  Marine, Missile Turret  
  190  9:55  SCV x3  
  190  9:58  Marine  
  190  9:59  Marine  
  194  10:02  Marine  
  194  10:04  Siege Tank  
  199  10:12  Starport  
  199  10:13  Starport  
  168  10:26  Marine x3  
  168  10:28  Marine  
  145  10:29  Marine  
  145  10:31  Marine x4  
  145  10:33  Siege Tank  
  127  10:39  Siege Tank, Liberator x2  
  135  10:43  Marine  
  135  10:44  Marine x2  
  135  10:45  Marine  
  135  10:46  Marine  
  135  10:48  Marine  
  135  10:49  Marine  
  139  10:52  Command Center  
  139  10:55  Marine, Starport Tech Lab x2  
  139  10:56  Marine  
  141  10:59  Terran Infantry Armor Level 3, Terran Infantry Weapons Level 3, Terran Vehicle Weapons Level 2  
  141  11:01  Marine  
  141  11:02  Marine x2  
  144  11:10  Siege Tank  
  144  11:11  Marine x2  
  147  11:16  Raven x2  
  147  11:18  Siege Tank  
  156  11:19  Marine  
  156  11:25  Viking x2  
  161  11:31  Marine  
  161  11:32  Marine  
  161  11:43  Marine  
  161  11:44  Marine  
  161  11:45  Marine x2  
  154  11:47  Siege Tank, Marine x2  
  154  11:52  Siege Tank  
  154  11:53  Command Center, Raven x2  
  166  11:55  Marine  
  166  11:57  Marine  
  166  11:58  Marine  
  166  12:00  Marine  
  170  12:02  Marine  
  170  12:05  Marine  
  170  12:07  Sensor Tower  
  172  12:14  Marine  
  172  12:15  Marine  
  174  12:17  Marine x3  
  174  12:18  Viking x2  
  184  12:22  Siege Tank  
  184  12:25  Missile Turret  
  181  12:37  Marine  
  181  12:39  Marine x2  
  180  12:44  Siege Tank  
  180  12:45  Raven x2  
  180  12:46  Marine x2  
  180  12:47  Marine x2  
  180  12:50  Marine  
  192  12:53  Marine  
  192  12:55  Marine, Viking x2  
  192  12:58  Marine x2  
  190  13:04  Marine  
  189  13:06  Marine  
  189  13:10  Marine x2  
  191  13:19  Marine  
  192  13:33  Marine  
  192  13:34  Siege Tank  
  188  13:37  Marine x2  
  188  13:39  Planetary Fortress  
  188  13:41  Command Center x2  
  188  13:43  Siege Tank, Raven  
  188  13:48  Marine x2  
  169  14:05  Orbital Command  
  149  14:10  Marine  
  149  14:11  Marine  
  149  14:12  Marine  
  134  14:17  Marine  
  134  14:20  Marine x2, Orbital Command  
  134  14:23  Supply Depot  
  132  14:24  Marine x2  
  132  14:25  Supply Depot x3  
  132  14:26  Marine  
  132  14:42  Marine x4, Raven  
  132  14:43  Viking  
  132  14:44  Marine x3  
  132  14:45  Marine, Siege Tank, Viking, Raven  
  140  14:46  Siege Tank  
  140  14:49  Refinery  
  140  14:52  Refinery  
  143  14:53  Marine  
  143  14:54  Refinery  
  143  14:57  Terran Vehicle Weapons Level 3  
  144  15:00  Marine x2  
  144  15:05  Marine x2  
  148  15:07  Marine x2  
  148  15:08  Sensor Tower  
  150  15:15  Marine  
  150  15:16  Marine  
  150  15:18  Raven  
  154  15:34  Raven  
  154  15:35  Marine x2  
  154  15:36  Marine x5  
  154  15:37  Marine x2  
  154  15:38  Refinery  
  154  15:41  Planetary Fortress, Supply Depot  
  161  15:43  Supply Depot  
  161  15:45  SCV  
  161  15:46  Refinery  
  161  15:48  SCV x2  
  164  15:52  Raven  
  164  15:53  Marine  
  164  15:54  Marine x2  
  169  16:03  Marine  
  166  16:08  Marine x2  
  166  16:09  Raven  
  166  16:11  Marine x2  
  166  16:16  Siege Tank  
  170  16:20  Marine  
  170  16:21  Siege Tank  
  173  16:26  Refinery  
  173  16:27  Supply Depot  
  170  16:34  Marine  
  170  16:38  Marine  
  161  16:40  Marine  
  161  16:44  Sensor Tower  
  161  16:46  Raven  
  164  16:47  Marine  
  164  16:48  Marine  
  164  16:52  Refinery  
  166  17:00  Siege Tank  
  166  17:01  Marine x2  
  169  17:02  Marine x2  
  173  17:11  Sensor Tower  
  173  17:14  Marine  
  174  17:16  Marine  
  175  17:24  Marine x2  
  175  17:29  Raven  
  179  17:40  Siege Tank  
  179  17:42  Marine, Raven  
  179  17:44  Marine  
  186  17:46  Marine  
  180  17:54  Marine  
  180  17:56  Marine x2  
  172  17:59  Marine x2  
  172  18:00  Marine x2  
  172  18:01  Siege Tank  
  172  18:04  Marine  
  171  18:06  Marine  
  171  18:07  Raven  
  171  18:12  Marine  
  175  18:14  Marine x2  
  175  18:16  Raven  
  175  18:17  SCV  
  180  18:20  Marine  
  134  18:35  Marine x2  
  134  18:36  Marine  
  134  18:39  Marine x2  
  119  18:42  Marine x2  
  119  18:43  Raven  
  119  18:45  Siege Tank  
  119  18:47  Marine  
  121  18:50  Raven  
  121  18:51  Marine  
  121  18:52  Marine  
  121  18:53  Siege Tank  
  121  18:54  Marine x2, Viking x2  
  121  18:59  Marine x2  
  121  19:00  Marine  
  124  19:04  Terran Vehicle And Ship Armor Level 1  
  124  19:07  Marine  
  124  19:08  Marine  
  126  19:13  Marine x2  
  128  19:17  Marine  
  128  19:18  Marine x2  
  128  19:21  Marine  
  128  19:22  Raven  
  128  19:23  Siege Tank  
  137  19:28  Marine x2  
  139  19:32  SCV  
  139  19:37  Marine  
  133  19:40  Marine  
  133  19:41  Marine x3  
  131  19:46  Raven  
  131  19:47  Marine x2  
  131  19:48  Marine  
  136  19:54  Siege Tank  
  136  19:56  Marine  
  140  20:00  Siege Tank  
  143  20:08  Marine x2  
  143  20:10  Liberator  
  143  20:14  Raven  
  150  20:19  Marine x2  
  150  20:20  Marine  
  150  20:21  Marine  
  153  20:23  Marine  
  153  20:25  Marine x2  
  153  20:27  Marine  
  157  20:34  Marine  
  158  20:39  Marine  
  158  20:40  Marine x3  
  158  20:42  Marine  
  162  20:43  Siege Tank, Marine  
  162  20:48  Raven  
  166  20:59  Marine x2  
  166  21:00  Marine  
  166  21:01  Siege Tank  
  172  21:06  Marine  
  172  21:10  Marine x2  
  177  21:11  Raven  
  177  21:18  Sensor Tower  
  177  21:20  Marine, Sensor Tower  
  177  21:21  Marine x3  
  177  21:24  Siege Tank  
  184  21:28  Orbital Command  
  184  21:31  Marine  
  185  21:35  Marine  
  164  21:52  Marine x3  
  138  21:56  Marine  
  138  21:58  Marine  
  140  22:04  Marine x2  
  140  22:05  Siege Tank, Raven  
  140  22:07  Orbital Command  
  145  22:09  Marine  
  145  22:12  Marine  
  145  22:13  Siege Tank  
  140  22:21  Marine  
  140  22:22  Marine  
  140  22:24  Marine x2  
  140  22:28  Marine x2  
  143  22:32  Marine  
  138  22:38  SCV  
  138  22:40  Raven  
  138  22:41  SCV x2  
  138  22:42  Marine  
  144  22:51  Marine  
  145  22:53  Siege Tank  
  141  22:58  SCV x2  
  142  23:09  Marine x2  
  142  23:10  Marine  
  145  23:12  Marine  
  145  23:13  Marine  
  145  23:18  Marine x2  
  149  23:20  Marine  
  150  23:28  Marine  
  150  23:30  Marine  

Tags
 
Add a new tag
Caveats
  • Supply blocks, unpowered buildings, or Contaminate may cause inaccurate times.
  • Supply counts are checked every 10 seconds.